 Dungeon Crawl Stone Soup version 0.26-a0-228-g29f007ebfe (webtiles) character file.

Game seed: 5704223422053642847

1008 kae the Insei (level 8, 0/67 HPs)
             Began as a Black Draconian Transmuter on July 7, 2020.
             Slain by an orc
             ... wielding a +0 trident of distortion
              (5 damage)
             ... on level 7 of the Dungeon.
             The game lasted 00:04:02 (5950 turns).

kae the Insei (Black Draconian Transmuter)          Turns: 5950, Time: 00:04:02

Health: 0/67       AC:  6    Str: 12    XL:     8   Next: 1%
Magic:  14/14      EV: 16    Int: 15    God:
Gold:   249        SH:  0    Dex: 13    Spells: 9/15 levels left

rFire    . . .     SeeInvis .   g - +1 spear
rCold    + . .     Faith    .   (no shield)
rNeg     . . .     Spirit   .   (armour unavailable)
rPois    .         Reflect  .   (helmet restricted)
rElec    +         Harm     .   (no cloak)
rCorr    .                      (no gloves)
MR       .....                  (no boots)
Stlth    +.........             w - amulet of magic regeneration
HPRegen  0.21/turn              l - +4 ring of evasion
MPRegen  0.39/turn              u - ring of protection from cold

@: no status effects
A: breathe lightning, unfitting armour, electricity resistance, cold-blooded, AC
+6
a: Breathe Lightning


You were on level 7 of the Dungeon.
You were not hungry.

You visited 1 branch of the dungeon, and saw 6 of its levels.

You collected 249 gold pieces.

Inventory:

Hand Weapons
 g - a +1 spear (weapon)
Missiles
 a - 42 arrows
Jewellery
 h - an uncursed amulet of faith
 l - a +4 ring of evasion (left hand)
 u - a ring of protection from cold (right hand)
 w - an amulet of magic regeneration (around neck)
Wands
 p - a wand of enslavement (4)
Scrolls
 b - 3 scrolls of amnesia
 d - 3 scrolls of remove curse
 q - 2 scrolls of enchant weapon
 s - a scroll of teleportation
 t - a scroll of magic mapping
Potions
 e - a potion of haste
 f - 3 potions of invisibility
 i - a potion of berserk rage
 j - a potion of cancellation {unknown}
 k - a potion of brilliance {unknown}
 m - a potion of degeneration {unknown}
 n - a potion of heal wounds {unknown}
 o - a potion of mutation {unknown}
 r - a potion of flight {unknown}
 v - a potion of curing
 x - a potion of stabbing {unknown}
Comestibles
 c - 9 rations


   Skills:
 + Level 4.5 Fighting
 - Level 1.7 Dodging
 * Level 6.6 Unarmed Combat
 - Level 4.1 Spellcasting
 + Level 4.5 Transmutations


You had 9 spell levels left.
You knew the following spells:

 Your Spells              Type           Power        Failure   Level
a - Beastly Appendage     Tmut           ###...       2%          1
b - Sticks to Snakes      Tmut           ###.....     4%          2
c - Spider Form           Tmut/Pois      #.........   22%         3

Your spell library contained the following spells:

 Spells                   Type           Power        Failure   Level
 Ice Form                 Ice/Tmut       #.......     56%         4
 Blade Hands              Tmut           ###.......   61%         5


Dungeon Overview and Level Annotations

Branches:
Dungeon (7/15)
 Temple: D:4-7

Altars:

Shops:
D:7 (((

Annotations:
D:3 3 runed translucent doors, bli's ghost, amateur OpTm


Innate Abilities, Weirdness & Mutations

You can breathe wild blasts of lightning.
Your glossy black scales are hard. (AC +6)
You cannot fit into any form of body armour.
You are resistant to electric shocks. (rElec)
You are cold-blooded and may be slowed by cold attacks.


Message History

* * * LOW HITPOINT WARNING * * *
You bite the orc wizard!
The orc wizard looks even sicker.
The orc wizard is severely wounded.
The orc wizard completely misses you. The orc completely misses you.
The orc wizard completely misses you.
You bite the orc wizard!
You kill the orc wizard!
You have reached level 8!
You feel agile.
Your transformation has ended.
Your +1 spear unmelds from your body.
The orc completely misses you. The orc misses you.
Things that are here:
a +0 whip; 3 boomerangs; an orc corpse You hit the orc.
The orc is heavily wounded.
The orc hits you with a +0 trident of distortion.
* * * LOW HITPOINT WARNING * * *
Space bends around you.
You die...

... ...# ######
....###....###
#....#......###
#...#.......##
#..........###.
#.............
###.†.........
##..@).....#
#.#o.....##
..∩...∩..##
#.#.#.....#
#.....###.#
####.## .# # #


You could see an orc.

Vanquished Creatures
  A hippogriff (D:7)
  2 ice beasts (D:7)
  2 ogres
  A bullfrog (D:7)
  2 hounds
  An orc wizard (D:7)
  A worker ant (D:4)
  5 adders
  5 gnolls (D:4)
  A shadow imp (D:7)
  A white imp (D:7)
  2 worms
  A dart slug (D:2)
  4 leopard geckos
  3 orcs
  A giant cockroach (D:1)
  4 goblins
  8 hobgoblins
  5 jackals
  A quokka (D:3)
  12 bats
  2 frilled lizards
  9 kobolds
  5 rats
79 creatures vanquished.

Vanquished Creatures (collateral kills)
  A phantom (D:4)
  A gnoll shaman (D:4)
2 creatures vanquished.

Grand Total: 81 creatures vanquished

Notes
Turn   | Place    | Note
-------+----------+-------------------------------------------
     0 | D:1      | kae the Draconian Transmuter began the quest for the Orb.
     0 | D:1      | Reached XP level 1. HP: 16/16 MP: 3/3
   306 | D:1      | Reached XP level 2. HP: 23/23 MP: 3/5
  1270 | D:2      | Reached XP level 3. HP: 18/29 MP: 4/6
  2190 | D:2      | Learned a level 2 spell: Sticks to Snakes
  2194 | D:2      | Learned a level 3 spell: Spider Form
  2414 | D:2      | Noticed an ogre
  2430 | D:2      | Killed an ogre
  2430 | D:2      | Reached skill level 4 in Unarmed Combat
  2430 | D:2      | Reached XP level 4. HP: 17/37 MP: 6/8
  2430 | D:2      | Reached XP level 5. HP: 20/42 MP: 6/9
  3443 | D:3      | Noticed bli's ghost (amateur OpTm)
  3465 | D:3      | Noticed an ogre
  3484 | D:3      | Killed an ogre
  4328 | D:3      | Found a runed translucent gate.
  4328 | D:3      | Found a runed translucent gate.
  4328 | D:3      | Found a runed translucent gate.
  4381 | D:3      | Reached XP level 6. HP: 44/51 MP: 10/10
  4678 | D:4      | Reached skill level 5 in Unarmed Combat
  4949 | D:4      | Your scales start taking on a glossy black colour.
  4949 | D:4      | Reached XP level 7. HP: 19/58 MP: 8/12
  4949 | D:4      | Gained mutation: You are resistant to electric shocks.
                  | (rElec) [Black Draconian growth]
  5260 | D:4      | You fall into a shaft and drop 3 floors!
  5419 | D:7      | Found Elegerr's Antique Weapon Emporium.
  5520 | D:7      | Reached skill level 6 in Unarmed Combat
  5775 | D:7      | Noticed a hippogriff
  5791 | D:7      | Killed a hippogriff
  5935 | D:7      | Found Imaol's Antique Weapon Emporium.
  5937 | D:7      | Found Sesioll's Weapon Emporium.
  5948 | D:7      | Reached XP level 8. HP: 7/67 MP: 14/14
  5950 | D:7      | Slain by an orc

Illustrated notes

Levels and vault maps discovered:
D:1:      dpeg_arrival_tiny_a, layout_basic
D:2:      kennysheep_six_static_rooms, layout_loops_corners,
          roderic_serpentine_path
D:3:      layout_basic, gammafunk_ghost_icy
D:4:      layout_rooms, chequers_temple_overflow_statue_of_worship,
          first_ration, serial_bayou_lake_a
D:6:      layout_gridville
D:7:      layout_cave_pods, serial_shops, nicolae_shop_crystal,
          kennysheep_little_box, shop, shop, grunt_gozag_statues

Skill      XL: |  1  2  3  4  5  6  7 |
---------------+----------------------+-----
Fighting       | 2 3 4 |  4.5
Unarmed Combat | 4 5 6 |  6.6
Spellcasting   | 3 4 |  4.1
Transmutations | 3 4 |  4.5
Dodging        | |  1.7

Action                   |  1- 3 |  4- 6 |  7- 9 || total
-------------------------+-------+-------+-------++-------
Melee: Unarmed           |    41 |    25 |    32 ||    98
       Tailslap          |    11 |     9 |     3 ||    23
       Kick              |    10 |     1 |     3 ||    14
       Headbutt          |     4 |     9 |       ||    13
       Spear             |   125 |   108 |    40 ||   273
       Punch             |       |     1 |       ||     1
 Cast: Beastly Appendage |    21 |    11 |     2 ||    34
       Spider Form       |       |     3 |     3 ||     6
       Sticks to Snakes  |       |       |     1 ||     1
Evoke: Wand              |       |     2 |       ||     2
  Use: Scroll            |     5 |     6 |     1 ||    12
       Potion            |       |     1 |       ||     1
 Stab: Sleeping          |     1 |     1 |       ||     2
       Distracted        |       |       |     2 ||     2
  Eat: Ration            |     2 |     2 |     1 ||     5
Armor: Skin              |    48 |    26 |    10 ||    84
Dodge: Dodged            |   129 |    78 |    83 ||   290

Table legend:
 A = Non-vault XP
 B = Vault XP
 C = Vault XP percentage of total XP
 D = Non-vault monster count
 E = Vault monster count
 F = Vault count percentage of total count
                 A         B        C        D         E       F
            +---------+---------+-------+---------+---------+-------
      Total |    1317 |     124 |   8.6 |      75 |       6 |   7.4
            +---------+---------+-------+---------+---------+-------
        D:1 |      31 |       0 |   0.0 |      19 |       0 |   0.0
        D:2 |      58 |     124 |  68.1 |      19 |       6 |  24.0
        D:3 |     169 |       0 |   0.0 |      16 |       0 |   0.0
        D:4 |     361 |       0 |   0.0 |      11 |       0 |   0.0
        D:7 |     698 |       0 |   0.0 |      10 |       0 |   0.0
            +---------+---------+-------+---------+---------+-------
